AoeStats
← aldoe3765

Arabia

509280548Analyzed
3v3 RM · 5d ago on Sep 26, 2026· 33m 55s· 6 players
Game mode
Random Map
Map size
Normal (6 player)
Population
200
Speed
Normal
Resources
Standard
Victory
Conquest
Starting age
Dark Age
Ending age
Imperial Age
RankedLock teamsTeams togetherTeam positionsShared explorationLock speedFull tech treeHidden civsTurbo modeCheats
Victory
Defeat
🇲🇽 Danes · Mexico
1164
+13
🇲🇽 Saracens · Mexico
1115
+15
🇦🇷 Franks · Argentina
1080
+16
🇺🇸 Saxons · United States
1105
-15
🇺🇸 Tupi · United States
1096
-15
🇺🇸 Varangians · United States
1083
-14
LetMeCook
9:28 Feudal Age
9:40 Loom
10:28 Double-Bit Axe
19:01 Castle Age
17:35 Padded Archer Armor
17:27 Fletching
18:04 Horse Collar
19:37 Elite Skirmisher
20:44 Bodkin Arrow
27:11 Pikeman
BlackWaaltz
10:24 Feudal Age
8:43 Loom
19:34 Castle Age
19:42 Fletching
20:40 Bodkin Arrow
21:27 Double-Bit Axe
23:03 Padded Archer Armor
27:19 Bow Saw
33:16 Leather Archer Armor
33:01 Horse Collar
pktully
6:51 Loom
9:52 Feudal Age
11:21 Double-Bit Axe
12:52 Bloodlines
18:16 Forging
23:59 Castle Age
22:38 Wheelbarrow
22:17 Scale Barding Armor
22:42 Horse Collar
26:30 Hand Cart
HUSEINMACO
7:28 Loom
9:49 Feudal Age
12:07 Double-Bit Axe
17:36 Fletching
19:00 Wheelbarrow
23:50 Castle Age
22:11 Padded Archer Armor
22:48 Horse Collar
23:03 Gold Mining
24:12 Crossbowman
24:48 Bodkin Arrow
25:05 Bow Saw
25:41 Thumb Ring
26:23 Leather Archer Armor
32:27 Town Watch
aldoe3765
7:51 Loom
10:12 Feudal Age
10:16 Man-at-Arms
18:33 Double-Bit Axe
19:06 Gold Mining
20:45 Fletching
20:56 Padded Archer Armor
25:38 Castle Age
25:48 Crossbowman
26:34 Thumb Ring
29:38 Wheelbarrow
31:28 Bodkin Arrow
31:48 Leather Archer Armor
BITCOIN_
10:50 Feudal Age
11:31 Loom
15:53 Scale Barding Armor
16:40 Forging
23:10 Castle Age
21:26 Double-Bit Axe
26:18 Chain Barding Armor
30:16 Husbandry
32:34 Iron Casting
32:56 Wheelbarrow
Connection lost

Rejoining the realm…

Still unreachable

The connection could not be restored.

Session expired

The server has moved on; the page needs a fresh start.